TOP OF THE 1ST |
Allentown Hillbillies batting - Pitching for Waba Ducks : RHP Li-cong Sima
|
Pitching: RHP Li-cong Sima
|
|
Batting: LHB António Salazar
|
0-0: Ball 1-0: Bunt for hit - play at first, batter safe!
|
Batting: RHB Albert Lutz
|
0-0: Ball 1-0: SINGLE (Flyball, 78S) António Salazar to second
|
Batting: RHB Germano Labrego
|
0-0: Called Strike 0-1: SINGLE (Line Drive, 56D) António Salazar to third Albert Lutz to second
|
Batting: LHB John Hudson
|
0-0: Ball 1-0: Ball 2-0: Ball 3-0: Called Strike 3-1: Base on Balls António Salazar scores Albert Lutz to third Germano Labrego to second
|
Batting: RHB Carl Brown
|
0-0: Foul Ball, location: 2F 0-1: Ball 1-1: Swinging Strike 1-2: Ball 2-2: Ball 3-2: Foul Ball, location: 2F 3-2: Foul Ball, location: 2F 3-2: Base on Balls Albert Lutz scores Germano Labrego to third John Hudson to second
|
Batting: LHB Marcos Vargas
|
0-0: Ball 1-0: Foul Ball, location: 2F 1-1: Grounds into double play, 3-6-3 (Groundball, 34) Germano Labrego scores John Hudson to third
|
Batting: RHB Millard Stark
|
0-0: Ball 1-0: Ball 2-0: Called Strike 2-1: Foul Ball, location: 2F 2-2: Foul Ball, location: 2F 2-2: Foul Ball, location: 2F 2-2: Strikes out swinging
|
Top of the 1st over - 3 run(s), 3 hit(s), 0 error(s), 1 left on base; Allentown 3 - Waba 0 |
BOTTOM OF THE 1ST |
Waba Ducks batting - Pitching for Allentown Hillbillies : RHP Okura Oike
|
Pitching: RHP Okura Oike
|
|
Batting: LHB Javier Orozco
|
0-0: Called Strike 0-1: Foul Ball, location: 2F 0-2: Ball 1-2: Fly out, F7 (Flyball, 78M)
|
Batting: RHB Pedro Molina
|
0-0: Foul Ball, location: 2F 0-1: Ball 1-1: Called Strike 1-2: Ground out 5-3 (Groundball, 56S)
|
Batting: LHB Daniel Carter
|
0-0: Ball 1-0: Ball 2-0: Ball 3-0: Called Strike 3-1: Base on Balls
|
Batting: LHB Sammy Marshall
|
0-0: Ball 1-0: Ball 2-0: DOUBLE (Line Drive, 78D) Daniel Carter to third Runner from 3rd tries for Home, SAFE, no throw
|
Batting: LHB Howard Evans
|
0-0: Foul Ball, location: 2F 0-1: Ground out 4-3 (Groundball, 4)
|
Bottom of the 1st over - 1 run(s), 1 hit(s), 0 error(s), 1 left on base; Allentown 3 - Waba 1 |
TOP OF THE 2ND |
Allentown Hillbillies batting - Pitching for Waba Ducks : RHP Li-cong Sima
|
Batting: RHB Dan Banks
|
0-0: Fly out, F9 (Flyball, 9)
|
Batting: RHB Marc Cox
|
0-0: Ball 1-0: SINGLE (Groundball, 56D)
|
Batting: LHB António Salazar
|
0-0: Ball 1-0: Fielders Choice at 2nd, 4-6 (Groundball, 34)
|
Batting: RHB Albert Lutz
|
0-0: Foul Ball, location: 2F 0-1: Ball 1-1: Called Strike 1-2: Ball 2-2: Foul Ball, location: 2F 2-2: Fielders Choice at 2nd, 5-4 (Groundball, 56)
|
Top of the 2nd over - 0 run(s), 1 hit(s), 0 error(s), 0 left on base; Allentown 3 - Waba 1 |
BOTTOM OF THE 2ND |
Waba Ducks batting - Pitching for Allentown Hillbillies : RHP Okura Oike
|
Batting: RHB Jeremy Flemming
|
0-0: Foul Ball, location: 2F 0-1: Ball 1-1: Foul Ball, location: 2F 1-2: Ball 2-2: Strikes out swinging
|
Batting: RHB Kelly Graham
|
0-0: Ball 1-0: Ball 2-0: Ground out 6-3 (Groundball, 6)
|
Batting: RHB Paul Spencer
|
0-0: Ball 1-0: Swinging Strike 1-1: Fly out, F8 (Flyball, 8LM)
|
Bottom of the 2nd over - 0 run(s), 0 hit(s), 0 error(s), 0 left on base; Allentown 3 - Waba 1 |
TOP OF THE 3RD |
Allentown Hillbillies batting - Pitching for Waba Ducks : RHP Li-cong Sima
|
Batting: RHB Germano Labrego
|
0-0: Called Strike 0-1: Ball 1-1: Called Strike 1-2: SINGLE (Line Drive, 6M)
|
Batting: LHB John Hudson
|
0-0: SINGLE (Groundball, 34D) Germano Labrego to second Throwing error, E9 Germano Labrego scores John Hudson to second
|
Batting: RHB Carl Brown
|
0-0: SINGLE (Line Drive, 5D) John Hudson to third
|
Batting: LHB Marcos Vargas
|
0-0: Swinging Strike 0-1: Swinging Strike 0-2: Strikes out swinging
|
Batting: RHB Millard Stark
|
0-0: Called Strike 0-1: DOUBLE (Flyball, 3D) John Hudson scores Carl Brown to third
|
Batting: RHB Dan Banks
|
0-0: Called Strike 0-1: Fly out, F8 (Flyball, 8RM) Runner from 3rd tags up, OUT at HOME
|
Top of the 3rd over - 2 run(s), 4 hit(s), 1 error(s), 1 left on base; Allentown 5 - Waba 1 |
BOTTOM OF THE 3RD |
Waba Ducks batting - Pitching for Allentown Hillbillies : RHP Okura Oike
|
Batting: SHB Alex Aguilar
|
0-0: Ball 1-0: Ball 2-0: Called Strike 2-1: Ground out U3 (Groundball, 3L)
|
Batting: LHB Javier Orozco
|
0-0: Ball 1-0: Ball 2-0: Ground out 4-3 (Groundball, 4)
|
Batting: RHB Pedro Molina
|
0-0: Called Strike 0-1: Foul Ball, location: 2F 0-2: SINGLE (Groundball, 56D)
|
Batting: LHB Daniel Carter
|
0-0: SINGLE (Groundball, 2R) (infield hit) Pedro Molina to second
|
Batting: LHB Sammy Marshall
|
0-0: Called Strike 0-1: Ball 1-1: SINGLE (Groundball, 56D) Pedro Molina to third Daniel Carter to second Runner from 3rd tries for Home, SAFE, throw made at trailing runner, SAFE at third!
|
Batting: LHB Howard Evans
|
0-0: Ball 1-0: Called Strike 1-1: Foul Ball, location: 2F 1-2: Ball 2-2: Fielders Choice at 2nd, 6-4 (Groundball, 6)
|
Bottom of the 3rd over - 1 run(s), 3 hit(s), 0 error(s), 1 left on base; Allentown 5 - Waba 2 |
TOP OF THE 4TH |
Allentown Hillbillies batting - Pitching for Waba Ducks : RHP Li-cong Sima
|
Batting: RHB Marc Cox
|
0-0: Ball 1-0: SINGLE (Flyball, 8RS)
|
Batting: LHB António Salazar
|
0-0: Ball 1-0: Swinging Strike 1-1: Swinging Strike 1-2: Ball 2-2: Foul Ball, location: 2F 2-2: 2-RUN HOME RUN (Flyball, 9D), Distance : 378 ft
|
Pitching: LHP Júlio Castillo
|
|
Batting: RHB Albert Lutz
|
0-0: Ball 1-0: DOUBLE (Line Drive, 8LXD)
|
Batting: RHB Germano Labrego
|
0-0: Called Strike 0-1: Called Strike 0-2: Ball 1-2: DOUBLE (Line Drive, 7LS) Albert Lutz scores
|
Batting: LHB John Hudson
|
0-0: Called Strike 0-1: Foul Ball, location: 2F 0-2: Ball 1-2: Strikes out swinging
|
Batting: RHB Carl Brown
|
0-0: 2-RUN HOME RUN (Flyball, 78XD), Distance : 385 ft
|
Batting: LHB Marcos Vargas
|
0-0: Called Strike 0-1: Ball 1-1: Ball 2-1: Called Strike 2-2: Ball 3-2: Strikes out looking
|
Batting: RHB Millard Stark
|
0-0: Ball 1-0: Ball 2-0: Called Strike 2-1: Fly out, F3 (Popup, 34S)
|
Top of the 4th over - 5 run(s), 5 hit(s), 0 error(s), 0 left on base; Allentown 10 - Waba 2 |
BOTTOM OF THE 4TH |
Waba Ducks batting - Pitching for Allentown Hillbillies : RHP Okura Oike
|
Batting: RHB Jeremy Flemming
|
0-0: Fly out, F8 (Flyball, 78M)
|
Batting: RHB Kelly Graham
|
0-0: Ball 1-0: DOUBLE (Flyball, 9LM)
|
Batting: RHB Paul Spencer
|
0-0: Ball Kelly Graham steals 3rd base 1-0: Ball 2-0: Foul Ball, location: 2F 2-1: Ground out 6-3 (Groundball, 6) Kelly Graham scores
|
Batting: SHB Alex Aguilar
|
0-0: Called Strike 0-1: Called Strike 0-2: DOUBLE (Groundball, 3L)
|
Batting: LHB Javier Orozco
|
0-0: SINGLE (Groundball, 4MD) Alex Aguilar to third Runner from 3rd tries for Home, SAFE, no throw
|
Batting: RHB Pedro Molina
|
0-0: Called Strike Javier Orozco steals 2nd base 0-1: Called Strike 0-2: Ground out 5-3 (Groundball, 5)
|
Bottom of the 4th over - 2 run(s), 3 hit(s), 0 error(s), 1 left on base; Allentown 10 - Waba 4 |
TOP OF THE 5TH |
Allentown Hillbillies batting - Pitching for Waba Ducks : LHP Júlio Castillo
|
Batting: RHB Dan Banks
|
0-0: Ball 1-0: Ball 2-0: Ball 3-0: Called Strike 3-1: Base on Balls
|
Batting: RHB Marc Cox
|
0-0: Called Strike 0-1: Ball 1-1: Swinging Strike 1-2: Foul Ball, location: 2F 1-2: Foul Ball, location: 2F 1-2: Fly out, F7 (Flyball, 7)
|
Batting: LHB António Salazar
|
0-0: Ball 1-0: Called Strike 1-1: SINGLE (Groundball, 34) (infield hit) Dan Banks to second
|
Batting: RHB Albert Lutz
|
0-0: Ball 1-0: Foul Ball, location: 2F 1-1: Foul Ball, location: 2F 1-2: Strikes out swinging
|
Batting: RHB Germano Labrego
|
0-0: Ball 1-0: Ball 2-0: Fly out, F9 (Line Drive, 9S)
|
Top of the 5th over - 0 run(s), 1 hit(s), 0 error(s), 2 left on base; Allentown 10 - Waba 4 |
BOTTOM OF THE 5TH |
Waba Ducks batting - Pitching for Allentown Hillbillies : RHP Okura Oike
|
Batting: LHB Daniel Carter
|
0-0: Ground out U3 (Groundball, 3S)
|
Batting: LHB Sammy Marshall
|
0-0: Ball 1-0: Foul Ball, location: 2F 1-1: Foul Ball, location: 2F 1-2: Foul Ball, location: 2F 1-2: Fly out, F9 (Line Drive, 89D)
|
Batting: LHB Howard Evans
|
0-0: Foul Ball, location: 2F 0-1: Ball 1-1: Foul Ball, location: 2F 1-2: Fly out, F5 (Popup, 5S)
|
Bottom of the 5th over - 0 run(s), 0 hit(s), 0 error(s), 0 left on base; Allentown 10 - Waba 4 |
TOP OF THE 6TH |
Allentown Hillbillies batting - Pitching for Waba Ducks : LHP Júlio Castillo
|
Batting: LHB John Hudson
|
0-0: Ball 1-0: Ball 2-0: Ball 3-0: Base on Balls
|
Batting: RHB Carl Brown
|
0-0: Called Strike 0-1: Called Strike 0-2: Ball 1-2: Foul Ball, location: 2F 1-2: Foul Ball, location: 2F 1-2: Ball Wild Pitch! John Hudson to second 2-2: DOUBLE (Flyball, 9D) John Hudson scores
|
Pitching: LHP Alberto García
|
|
Batting: LHB Marcos Vargas
|
0-0: Foul Ball, location: 2F 0-1: Foul Ball, location: 2F 0-2: Ball 1-2: Strikes out swinging
|
Batting: RHB Millard Stark
|
0-0: Ball 1-0: Called Strike 1-1: Fly out, F9 (Flyball, 9S)
|
Batting: RHB Dan Banks
|
0-0: Called Strike 0-1: Foul Ball, location: 2F 0-2: Strikes out swinging
|
Top of the 6th over - 1 run(s), 1 hit(s), 0 error(s), 1 left on base; Allentown 11 - Waba 4 |
BOTTOM OF THE 6TH |
Waba Ducks batting - Pitching for Allentown Hillbillies : RHP Okura Oike
|
Batting: RHB Jeremy Flemming
|
0-0: Ball 1-0: Called Strike 1-1: Foul Ball, location: 2F 1-2: Ball 2-2: Strikes out swinging
|
Batting: RHB Kelly Graham
|
0-0: Fly out, F7 (Flyball, 7)
|
Batting: RHB Paul Spencer
|
0-0: Ground out 6-3 (Groundball, 6)
|
Bottom of the 6th over - 0 run(s), 0 hit(s), 0 error(s), 0 left on base; Allentown 11 - Waba 4 |
TOP OF THE 7TH |
Allentown Hillbillies batting - Pitching for Waba Ducks : LHP Alberto García
|
Batting: RHB Marc Cox
|
0-0: Called Strike 0-1: Called Strike 0-2: Ball 1-2: Strikes out swinging
|
Batting: LHB António Salazar
|
0-0: Ball 1-0: Foul Ball, location: 2F 1-1: Ball 2-1: Ball 3-1: Swinging Strike 3-2: Strikes out swinging
|
Batting: RHB Albert Lutz
|
0-0: Ball 1-0: Swinging Strike 1-1: Foul Ball, location: 2F 1-2: Strikes out swinging
|
Top of the 7th over - 0 run(s), 0 hit(s), 0 error(s), 0 left on base; Allentown 11 - Waba 4 |
BOTTOM OF THE 7TH |
Waba Ducks batting - Pitching for Allentown Hillbillies : RHP Okura Oike
|
Batting: SHB Alex Aguilar
|
0-0: Ball 1-0: Fly out, F7 (Line Drive, 78M)
|
Batting: LHB Javier Orozco
|
0-0: Called Strike 0-1: Ball 1-1: Foul Ball, location: 2F 1-2: SINGLE (Groundball, 34) (infield hit)
|
Batting: RHB Pedro Molina
|
0-0: DOUBLE (Flyball, 8LXD) Javier Orozco to third Javier Orozco scores
|
Batting: LHB Daniel Carter
|
0-0: Swinging Strike 0-1: Called Strike 0-2: Foul Ball, location: 2F 0-2: Ball 1-2: Strikes out swinging
|
Batting: LHB Sammy Marshall
|
0-0: Ball 1-0: Swinging Strike 1-1: Swinging Strike 1-2: Ball 2-2: Foul Ball, location: 2F 2-2: Strikes out swinging
|
Bottom of the 7th over - 1 run(s), 2 hit(s), 0 error(s), 1 left on base; Allentown 11 - Waba 5 |
TOP OF THE 8TH |
Allentown Hillbillies batting - Pitching for Waba Ducks : LHP Alberto García
|
Batting: RHB Germano Labrego
|
0-0: Ball 1-0: Swinging Strike 1-1: Called Strike 1-2: Ball 2-2: Ball 3-2: SINGLE (Line Drive, 56)
|
Batting: LHB John Hudson
|
0-0: Swinging Strike 0-1: Foul Ball, location: 2F 0-2: Ball 1-2: Foul Ball, location: 2F 1-2: Strikes out looking
|
Batting: RHB Carl Brown
|
0-0: Fly out, F9 (Flyball, 9LS)
|
Batting: LHB Marcos Vargas
|
0-0: Fly out, F8 (Flyball, 8RD)
|
Top of the 8th over - 0 run(s), 1 hit(s), 0 error(s), 1 left on base; Allentown 11 - Waba 5 |
BOTTOM OF THE 8TH |
Waba Ducks batting - Pitching for Allentown Hillbillies : RHP Okura Oike
|
Batting: LHB Howard Evans
|
0-0: Called Strike 0-1: Ball 1-1: Swinging Strike 1-2: SINGLE (Groundball, 34D)
|
Pitching: RHP Jorge Ruíz
|
|
Batting: RHB Jeremy Flemming
|
0-0: Called Strike 0-1: Grounds into double play, 5-4-3 (Groundball, 56)
|
Batting: RHB Kelly Graham
|
0-0: Ball 1-0: Ball 2-0: Ball 3-0: Called Strike 3-1: Ground out 4-3 (Groundball, 4)
|
Bottom of the 8th over - 0 run(s), 1 hit(s), 0 error(s), 0 left on base; Allentown 11 - Waba 5 |
TOP OF THE 9TH |
Allentown Hillbillies batting - Pitching for Waba Ducks : LHP Alberto García
|
Batting: RHB Millard Stark
|
0-0: Ball 1-0: Ball 2-0: Called Strike 2-1: Ball 3-1: Base on Balls
|
Batting: RHB Dan Banks
|
0-0: Ball 1-0: Ground out 5-3 (Groundball, 5S) Millard Stark to second
|
Batting: RHB Marc Cox
|
0-0: Ball 1-0: Foul Ball, location: 2F 1-1: Reached via error on a dropped throw, E1 Millard Stark to third
|
Batting: LHB António Salazar
|
0-0: Called Strike 0-1: Swinging Strike 0-2: Ball 1-2: Strikes out swinging
|
Batting: RHB Albert Lutz
|
0-0: Ball 1-0: Fly out, F8 (Flyball, 8LXD)
|
Top of the 9th over - 0 run(s), 0 hit(s), 1 error(s), 2 left on base; Allentown 11 - Waba 5 |
BOTTOM OF THE 9TH |
Waba Ducks batting - Pitching for Allentown Hillbillies : RHP Jorge Ruíz
|
Now at 2B: Von Ford
|
|
Batting: RHB Paul Spencer
|
0-0: Ball 1-0: Ball 2-0: Foul Ball, location: 2F 2-1: Ball 3-1: Base on Balls
|
Batting: SHB Alex Aguilar
|
0-0: Called Strike 0-1: Ball 1-1: Ball 2-1: Ball 3-1: Foul Ball, location: 2F 3-2: Base on Balls Paul Spencer to second
|
Batting: LHB Javier Orozco
|
0-0: Ball 1-0: Called Strike 1-1: Fielders Choice at 2nd, 4-6 (Groundball, 4M) Paul Spencer to third
|
Batting: RHB Pedro Molina
|
0-0: Foul Ball, location: 2F 0-1: Ball 1-1: Grounds into double play, 1-6-3 (Groundball, P)
|
Bottom of the 9th over - 0 run(s), 0 hit(s), 0 error(s), 1 left on base; Allentown 11 - Waba 5 |
|